 Dungeon Sprint DCSS version 0.30-a0-459-g9104f0fc43 (webtiles) character file.

Game seed: 7378932366323952740

18040 rocky1 the Warrior (level 12, -12/148 HPs)
             Began as an Ogre Gladiator on Dec 16, 2022.
             Was the Champion of Cheibriados.
             Blown up by a lich (71 damage)
             ... with an orb of destruction
             ... in the Dungeon (Sprint VII: "The Pits").
             The game lasted 00:08:56 (3518 turns).

rocky1 the Warrior (Ogre Gladiator)                 Turns: 3518, Time: 00:08:57

Health: -12/148    AC:  8    Str: 40    XL:     12   Next: 54%
Magic:  24/30      EV: 20    Int: 24    God:    Cheibriados [******]
Gold:   23         SH:  5    Dex: 25    Spells: 39/39 levels left

rFire   + . .      SeeInvis .    u - +1 broad axe (vorpal)
rCold   . . .      Faith    .    (no shield)
rNeg    . . .      Spirit   .    b - +0 robe
rPois   .          Reflect  +    c - +0 hat
rElec   .          Harm     .    h - +0 cloak
rCorr   .          Rampage  .    (gloves unavailable)
Will    +....      NoTele   +    (boots unavailable)
Stlth   ++........               B - amulet of reflection
HPRegen 0.44/turn                C - ring of protection from fire
MPRegen 0.22/turn                r - +3 ring of protection

@: very slow
A: large, unfitting armour, tough skin 1
a: Renounce Religion, Bend Time, Temporal Distortion, Slouch, Step From Time


You were in the Dungeon.
You worshipped Cheibriados.
Cheibriados was exalted by your worship.
You visited 1 branch You collected 23 gold pieces.

Inventory:

Hand Weapons
 t - a +2 vorpal dire flail
 u - a +1 vorpal broad axe (weapon)
Missiles
 a - 3 boomerangs of dispersal
 d - 3 throwing nets
 e - 5 large rocks (quivered)
 v - 3 curare-tipped darts
Armour
 b - a +0 robe (worn)
 c - a +0 hat (worn)
 h - a +0 cloak (worn)
Jewellery
 r - a +3 ring of protection (right hand)
 B - an amulet of reflection (around neck)
 C - a ring of protection from fire (left hand)
Scrolls
 k - a scroll of blinking
 m - 5 scrolls of amnesia
 n - a scroll of summoning
 w - 2 scrolls of enchant armour
 x - 6 scrolls of enchant weapon
 y - a scroll of fog
 z - 3 scrolls of identify
Potions
 f - 11 potions of curing
 g - 6 potions of heal wounds
 i - 4 potions of magic
 j - 2 potions of berserk rage
 l - 2 potions of invisibility
 q - 5 potions of mutation
 s - a potion of might
 A - a potion of resistance
Miscellaneous
 D - a phantom mirror


   Skills:
 + Level 17.1 Fighting
 + Level 13.6 Axes
 - Level 2.1 Throwing
 + Level 11.3 Armour
 + Level 12.5 Dodging
 + Level 14.3 Spellcasting
 + Level 14.3 Invocations


You had 39 spell levels left.
You didn't know any spells.
Your spell library contained the following spells:

 Spells                   Type           Power      Damage    Failure   Level
 Foxfire                  Conj/Fire      68%        2x1d7     3%          1
 Spellforged Servitor     Conj/Summ      8%         N/A       100%        7
 Summon Hydra             Summ           8%         N/A       100%        7


Dungeon Overview and Level Annotations

Branches:
Dungeon (1/1)

Altars:
Ashenzari
Cheibriados
Dithmenos
Elyvilon
Fedhas
Gozag
Hepliaklqana
Kikubaaqudgha
Makhleb
Nemelex Xobeh
Okawaru
Qazlal
Ru
Sif Muna
Trog
Uskayaw
Vehumet
Wu Jian
Xom
Yredelemnul
Zin
The Shining One
Jiyva
Lugonu


Innate Abilities, Weirdness & Mutations

You are too large for most types of armour.
You have tough skin. (AC +1)


Message History

Activating: Slouch (0% risk of failure)
Press: ? - help, Dir - look around, f - activate You can feel time thicken for a moment.
You kill the hell beast!
Cheibriados thoroughly appreciates the change of pace.
Cheibriados lowers the support of your attributes as your movement quickens.
Your Fighting skill increases to level 17!
You hit the black draconian but do no damage.
The black draconian is moderately wounded.
The black draconian misses you.
You closely miss the black draconian.
The black draconian is moderately wounded.
The black draconian hits you with a +0 war axe.
You barely miss the black draconian.
The black draconian is moderately wounded.
The black draconian hits you with a +0 war axe!
You slash the black draconian!
The black draconian is heavily wounded.
The black draconian closely misses you.
You slice the black draconian!!
The black draconian is almost dead.
The black draconian breathes lightning at you.
The bolt of lightning hits you!!
You hear a shout!
You slash the black draconian!
You kill the black draconian!
Cheibriados thoroughly appreciates the change of pace.
Cheibriados raises the support of your attributes as your movement slows.
Unknown command.
A lich comes into view.
The lich mumbles some strange words.
The lich seems to speed up.
You see here a killer bee corpse.
The lich conjures a glowing orb.
An orb of destruction comes into view.
Things that are here:
a +0 flail; a killer bee corpse The lich casts a spell at you.
The bolt of cold hits you!!! The orb of destruction hits you!!!
You die...

#################+#
........†.........#
..................#
++##############@.#
#○†# #○.# #☼.# #○L#
#○.# #..# #).# #..#


You could see a lich (fast).

Vanquished Creatures
  A black draconian (D)
  Azrael (D)
  A merfolk impaler (D)
  A great orb of eyes (D)
  A death knight (D)
  A hell beast (D)
  A death yak (D)
  An orc high priest (D)
  4 hell hogs (D)
  Sonja (D)
  A sixfirhy (D)
  A sea snake (D)
  A lindwurm (D)
  2 phantasmal warriors (D)
  A manticore (D)
  A cyclops (D)
  3 elephants (D)
  A cane toad (D)
  A molten gargoyle (D)
  Psyche (D)
  A troll (D)
  A red devil (D)
  2 merfolk (D)
  A hornet (D)
  A wandering mushroom (D)
  A snapping turtle (D)
  A flying skull (D)
  2 fire elementals (D)
  A ynoxinul (D)
  A large abomination (D)
  A fire bat (D)
  A basilisk (D)
  3 redbacks (D)
  A steam dragon (D)
  A water moccasin (D)
  An acid dragon (D)
  6 hell hounds (D)
  4 orc warriors (D)
  A sky beast (D)
  3 wolves (D)
  2 small abominations (D)
  A scorpion (D)
  A necrophage (D)
  3 wights (D)
  3 killer bees (D)
  A crimson imp (D)
  A hound (D)
  4 orc priests (D)
  An orc wizard (D)
  A hell rat (D)
  An adder (D)
  A gnoll (D)
  3 river rats (D)
  An ufetubus (D)
  8 orcs (D)
  A bat (D)
  A bat skeleton (D)
  2 endoplasms (D)
  A giant cockroach (D)
  2 goblins (D)
  A hobgoblin (D)
  10 jackals (D)
  A quokka (D)
  A ball python skeleton (D)
  A kobold (D)
113 creatures vanquished.

Notes
Turn   | Place    | Note
-------+----------+-------------------------------------------
     0 | D        | rocky1 the Ogre Gladiator began the quest for the Orb.
     0 | D        | Reached XP level 1. HP: 22/22 MP: 1/1
    44 | D        | Found a bloodstained altar of Trog.
    44 | D        | Found a shimmering blue altar of Sif Muna.
    44 | D        | Found a viscous altar of Jiyva.
    44 | D        | Found a hazy altar of Hepliaklqana.
    44 | D        | Found an opulent altar of Gozag.
    45 | D        | Found a glowing golden altar of the Shining One.
    45 | D        | Found a glowing silver altar of Zin.
    45 | D        | Found a basalt altar of Yredelemnul.
    45 | D        | Found a shimmering altar of Xom.
    45 | D        | Found an ornate altar of the Wu Jian Council.
    45 | D        | Found a sacrificial altar of Ru.
    45 | D        | Found a stormy altar of Qazlal.
    45 | D        | Found an iron altar of Okawaru.
    45 | D        | Found a sparkling altar of Nemelex Xobeh.
    45 | D        | Found a burning altar of Makhleb.
    45 | D        | Found a blossoming altar of Fedhas.
    45 | D        | Found a white marble altar of Elyvilon.
    45 | D        | Found a shadowy altar of Dithmenos.
    45 | D        | Found a snail-covered altar of Cheibriados.
    49 | D        | Found a corrupted altar of Lugonu.
    49 | D        | Found a radiant altar of Vehumet.
    50 | D        | Found a broken altar of Ashenzari.
    50 | D        | Found an ancient bone altar of Kikubaaqudgha.
    50 | D        | Found a hide-covered altar of Uskayaw.
    56 | D        | Became a worshipper of Cheibriados the Contemplative
    72 | D        | Reached skill level 3 in Fighting
    74 | D        | Reached * piety under Cheibriados
    76 | D        | Reached skill level 1 in Spellcasting
    76 | D        | Reached XP level 2. HP: 25/31 MP: 1/3
    81 | D        | Reached ** piety under Cheibriados
   128 | D        | Reached skill level 1 in Armour
   128 | D        | Reached skill level 1 in Invocations
   138 | D        | Noticed a crimson imp
   138 | D        | Noticed a scorpion
   143 | D        | Killed a scorpion
   144 | D        | Reached skill level 5 in Fighting
   144 | D        | Reached XP level 3. HP: 42/42 MP: 4/7
   144 | D        | Reached XP level 4. HP: 50/50 MP: 4/8
   146 | D        | Reached *** piety under Cheibriados
   147 | D        | Reached skill level 5 in Axes
   147 | D        | Reached XP level 5. HP: 58/58 MP: 4/10
   310 | D        | Noticed a sky beast
   311 | D        | Noticed a flying skull
   312 | D        | Noticed a water moccasin
   327 | D        | Killed a flying skull
   328 | D        | Reached skill level 7 in Fighting
   328 | D        | Reached skill level 5 in Dodging
   328 | D        | Reached skill level 5 in Spellcasting
   328 | D        | Reached skill level 5 in Invocations
   328 | D        | Reached XP level 6. HP: 50/71 MP: 10/14
   332 | D        | Reached **** piety under Cheibriados
   337 | D        | Killed a sky beast
   337 | D        | Killed a water moccasin
   337 | D        | Reached ***** piety under Cheibriados
   338 | D        | Reached skill level 8 in Fighting
   338 | D        | Reached skill level 5 in Armour
   338 | D        | Reached XP level 7. HP: 28/81 MP: 6/17
   510 | D        | Noticed a phantasmal warrior
   514 | D        | Killed a phantasmal warrior
   515 | D        | Reached skill level 9 in Fighting
   515 | D        | Reached XP level 8. HP: 40/93 MP: 2/19
   796 | D        | Noticed a red devil
   808 | D        | Killed a red devil
   809 | D        | Reached skill level 10 in Fighting
  1127 | D        | Noticed a death yak
  1136 | D        | Killed a death yak
  1137 | D        | Reached skill level 11 in Fighting
  1137 | D        | Reached XP level 9. HP: 49/105 MP: 16/22
  1400 | D        | Noticed a cane toad
  1406 | D        | Killed a cane toad
  1608 | D        | Noticed a hornet
  1610 | D        | Killed a hornet
  1610 | D        | Reached ****** piety under Cheibriados
  1725 | D        | Noticed a cyclops
  1731 | D        | Killed a cyclops
  1732 | D        | Reached skill level 12 in Fighting
  1732 | D        | Reached skill level 10 in Invocations
  1764 | D        | Noticed a great orb of eyes
  1766 | D        | Noticed an elephant
  1766 | D        | Noticed Sonja
  1766 | D        | Noticed a sixfirhy
  1767 | D        | Killed a great orb of eyes
  1768 | D        | Reached skill level 10 in Axes
  1768 | D        | Reached skill level 10 in Spellcasting
  1768 | D        | Reached XP level 10. HP: 118/118 MP: 19/24
  1769 | D        | Killed Sonja
  1770 | D        | Reached skill level 13 in Fighting
  1774 | D        | Killed an elephant
  1803 | D        | Noticed Psyche
  1804 | D        | Killed a sixfirhy
  1807 | D        | Noticed a lindwurm
  1808 | D        | Noticed a manticore
  1809 | D        | Reached skill level 10 in Dodging
  1809 | D        | Killed Psyche
  1810 | D        | Killed a manticore
  1815 | D        | Noticed an elephant
  1815 | D        | Killed a lindwurm
  1816 | D        | Reached skill level 14 in Fighting
  1816 | D        | Reached XP level 11. HP: 45/130 MP: 1/26
  2221 | D        | Noticed a hell hog
  2222 | D        | Noticed a hell hog
  2223 | D        | Killed a hell hog
  2223 | D        | Killed a hell hog
  2224 | D        | Reached skill level 15 in Fighting
  2224 | D        | Noticed a hell hog
  2224 | D        | Noticed a hell hog
  2224 | D        | Noticed a death knight
  2227 | D        | Killed a hell hog
  2228 | D        | Reached skill level 10 in Armour
  2229 | D        | Noticed an orc high priest
  2231 | D        | Killed a hell hog
  2232 | D        | Killed a death knight
  2233 | D        | Killed an orc high priest
  2610 | D        | Got the Encyclopedia of Helpful Ignition
  2726 | D        | Noticed a phantasmal warrior
  2728 | D        | Killed a phantasmal warrior
  2729 | D        | Reached skill level 16 in Fighting
  2755 | D        | Noticed a merfolk impaler
  2764 | D        | Killed a merfolk impaler
  2765 | D        | Reached XP level 12. HP: 51/144 MP: 9/29
  3203 | D        | Noticed Azrael
  3208 | D        | Killed Azrael
  3501 | D        | Noticed a black draconian
  3501 | D        | Noticed a hell beast
  3506 | D        | Killed a hell beast
  3507 | D        | Reached skill level 17 in Fighting
  3512 | D        | Killed a black draconian
  3514 | D        | Noticed a lich
  3518 | D        | Blown up by a lich

Illustrated notes

Levels and vault maps discovered:
D:        pitsprint [storerooms_1, entrance_room_1, metal_vault_6, armoury_3,
          mini_pit_1, grid_room_1, main_hall_1, silver_pit, the_coven_1,
          the_vestibule_1, steel_vault_5, golden_pit, hallway_of_sentries,
          crystal_vault_4, iron_vault_1, final_vault]

Skill      XL: |  1  2  3  4  5  6  7  8  9 10 11 12 |
---------------+-------------------------------------+-----
Fighting       | 3 5 7 8 9 11 12 14 16 17 | 17.1
Dodging        | 3 4 5 6 7 8 9 10 11 12 | 12.5
Spellcasting   | 1 3 5 6 7 9 10 11 13 14 | 14.3
Armour         | 2 4 5 6 7 8 9 10 11 | 11.3
Invocations    | 2 3 5 6 7 9 10 11 13 14 | 14.3
Axes           | 4 5 6 7 8 9 10 11 12 13 | 13.6
Throwing       | |  2.1

Action                   |  1- 3 |  4- 6 |  7- 9 | 10-12 || total
-------------------------+-------+-------+-------+-------++-------
Melee: War axe           |    28 |     9 |       |       ||    37
       Hand axe          |       |    19 |    25 |       ||    44
       Punch             |       |     1 |       |     1 ||     2
       Broad axe         |       |       |    23 |    84 ||   107
Throw: Large rock        |       |       |     5 |     4 ||     9
Invok: Slouch            |       |     1 |     6 |    24 ||    31
  Use: Potion            |     1 |     2 |       |     4 ||     7
       Scroll            |       |       |       |     1 ||     1
 Stab: Sleeping          |     1 |       |       |       ||     1
Armor: Robe              |    11 |     5 |     9 |    13 ||    38
Dodge: Dodged            |    30 |    26 |    28 |    99 ||   183
Block: Other             |       |       |       |     7 ||     7
       Reflection        |       |       |       |     1 ||     1

Table legend: (Time is in decaauts)
 A = Elapsed time spent in this place.
 B = Non-inter-level travel time spent in this place.
 C = Inter-level travel time spent in this place.
 D = Time resting spent in this place.
 E = Time spent auto-exploring this place.
 F = Levels seen in this place.
 G = Mean time per level.
                   A        B        C        D        E       F      G
               +--------+--------+--------+--------+--------+-----+--------+
         Total |   4046 |   3936 |    110 |   2591 |      0 |   1 | 4046.0 |
       Dungeon |   4046 |   3936 |    110 |   2591 |      0 |   1 | 4046.0 |
               +--------+--------+--------+--------+--------+-----+--------+

Top non-repeatable levels by time:
       D: 4046 daAuts
